 Dungeon Crawl Stone Soup version 0.29-a0-994-gc5c9f59d18 (webtiles) character file.

Game seed: 15528663280058022340

37 sanka the Caller (level 3, -7/25 HPs)
             Began as a Gnoll Summoner on Aug 3, 2022.
             Mangled by a gnoll
             ... wielding a +0 whip
              (8 damage)
             ... on level 2 of the Dungeon.
             The game lasted 00:02:00 (1496 turns).

sanka the Caller (Gnoll Summoner)                   Turns: 1496, Time: 00:02:01

Health: -7/25      AC:  3    Str:  7    XL:     3   Next: 39%
Magic:  6/9        EV: 13    Int: 16    God:
Gold:   105        SH:  0    Dex: 12    Spells: 6/12 levels left

rFire   . . .      SeeInvis .   m - +1 whip (pain)
rCold   . . .      Faith    .   (no shield)
rNeg    . . .      Spirit   .   a - +0 robe
rPois   .          Reflect  .   (no helmet)
rElec   .          Harm     .   (no cloak)
rCorr   .          Rampage  .   (no gloves)
Will    .....                   k - +0 pair of boots
Stlth   ++........              (no amulet)
HPRegen 0.08/turn               (no ring)
MPRegen 0.11/turn               (no ring)

@: no status effects
A: fangs 1, strong nose, distributed training
a: no special abilities


You were on level 2 of the Dungeon.
You visited 1 branch of the dungeon, and saw 2 of its levels.

You collected 105 gold pieces.


Innate Abilities, Weirdness & Mutations

You have very sharp teeth.
Your uncanny sense of smell can sniff out nearby items.
Your experience applies equally to all skills.


   Skills:
 + Level 0.8 Fighting
 + Level 0.8 Short Blades
 + Level 0.8 Long Blades
 + Level 0.8 Axes
 + Level 0.8 Maces & Flails
 + Level 0.8 Polearms
 + Level 0.8 Staves
 + Level 0.8 Ranged Weapons
 + Level 0.8 Throwing
 + Level 0.8 Armour
 + Level 4.5 Dodging
 + Level 4.1 Stealth
 + Level 0.8 Shields
 + Level 0.8 Unarmed Combat
 + Level 5.0 Spellcasting
 + Level 0.5 Conjurations
 + Level 0.5 Hexes
 + Level 7.1 Summonings
 + Level 0.5 Necromancy
 + Level 0.5 Translocations
 + Level 0.5 Transmutations
 + Level 0.5 Fire Magic
 + Level 0.5 Ice Magic
 + Level 0.5 Air Magic
 + Level 0.5 Earth Magic
 + Level 0.5 Poison Magic
 + Level 1.0 Invocations
 + Level 0.8 Evocations


You had 6 spell levels left.
You knew the following spells:

 Your Spells              Type           Power      Damage    Failure   Level
c - Call Canine Familiar  Summ           26%        N/A       2%          3
x - Call Imp              Summ           26%        N/A       1%          2
z - Summon Small Mammal   Summ           100%       N/A       1%          1

Your spell library contained the following spells:

 Spells                   Type           Power      Damage    Failure   Level
 Summon Guardian Golem    Hex/Summ       16%        N/A       10%         3
 Summon Lightning Spire   Summ/Air       16%        N/A       30%         4

Inventory:

Hand Weapons
 e - a +0 short sword
 m - a +1 whip of pain (weapon)
Missiles
 j - 5 javelins
Armour
 a - a +0 robe (worn)
 k - a +0 pair of boots (worn)
Scrolls
 d - a scroll of teleportation {unknown}
 f - a scroll of vulnerability {unknown}
 g - a scroll of identify {unknown}
 h - a scroll of enchant weapon {unknown}
 i - a scroll of brand weapon {unknown}
 l - a scroll of immolation {unknown}
Potions
 b - a potion of magic
 c - a potion of curing {unknown}

Dungeon Overview and Level Annotations

Branches:
Dungeon (2/15)

Altars:
Sif Muna

▒▒▒▒▒▒▒▒▒ ........▒
∆ ........▒ ▒▒▒▒
........▒ +...
.?......▒ .^▒
.......g▒▒▒▒.▒▒▒▒
▒.▒
.....ggggg....... .
▒▒.▒▒
....▒▒r▒▒.▒▒▒▒▒▒
..▒...▒▒▒ ▒▒▒...▒.▒
....♣...▒▒▒...♣...▒
▒▒▒.............▒▒▒
.▒▒▒▒....>.)..▒▒▒
.▒ ▒▒▒.....▒▒▒ .▒
▒▒.♣.▒▒ .▒
▒▒▒.....▒▒▒


You could see 4 gnolls, a hobgoblin and a friendly rat (summoned).


Message History

The gnoll hits your quokka with a +0 club.
Your quokka dies!
You hit the gnoll. You punch the gnoll.
The gnoll is moderately wounded.
The gnoll hits you from afar with a +0 spear!
* * * LOW HITPOINT WARNING * * *
The gnoll hits you with a +0 whip.
* * * LOW HITPOINT WARNING * * *
You hit the gnoll. Your bite misses the gnoll.
The gnoll is heavily wounded.
The gnoll hits your iron imp with a +0 flail!
The gnoll hits you from afar with a +0 spear.
* * * LOW HITPOINT WARNING * * *
The gnoll hits you but does no damage.
Your iron imp closely misses the gnoll.
Your rat bites the gnoll but does no damage.
Unknown command.
You barely miss the gnoll. You bite the gnoll, but do no damage.
The gnoll is heavily wounded.
The gnoll hits your iron imp with a +0 flail.
The gnoll hits your iron imp with a +0 club.
Your iron imp dies!
The gnoll closely misses you. The gnoll misses you.
Your rat barely misses the gnoll.
The gnoll hits you with a +0 whip!
You die...

Action                   || total
-------------------------++-------
Melee: Unarmed           ||    19
       Bite              ||     5
       Short sword       ||    37
       Punch             ||     2
       Whip              ||     3
 Cast: Summon Small Mamm ||    28
       Call Imp          ||     2
 Stab: Sleeping          ||     3
Armor: Robe              ||    16
Dodge: Dodged            ||    45

Levels and vault maps discovered:
D:1:      minmay_arrival_stone_box, layout_basic,
          hellmonk_ecumenical_altar_run_dry, kennysheep_pointless_box
D:2:      layout_basic, serial_shops, shop, basic_altar, grunt_decor_junction,
          serial_bayou_pond_d, grunt_ministairs_13, glass_columns_a

Notes
Turn   | Place    | Note
-------+----------+-------------------------------------------
     0 | D:1      | sanka the Gnoll Summoner began the quest for the Orb.
     0 | D:1      | Reached XP level 1. HP: 13/13 MP: 6/6
   341 | D:1      | Reached XP level 2. HP: 19/19 MP: 5/7
   973 | D:1      | Reached skill level 5 in Spellcasting
   973 | D:1      | Reached XP level 3. HP: 23/25 MP: 6/9
  1283 | D:1      | Found a faded altar of an unknown god.
  1335 | D:2      | Found a shimmering blue altar of Sif Muna.
  1340 | D:2      | Reached skill level 1 in Invocations
  1464 | D:2      | Learned a level 2 spell: Call Imp
  1468 | D:2      | Learned a level 3 spell: Call Canine Familiar
  1495 | D:2      | HP: 1/25 [gnoll/+0 spear (5)]
  1496 | D:2      | Mangled by a gnoll

Vanquished Creatures
  A dart slug (D:1)
  2 bats (D:1)
  An endoplasm (D:1)
  2 giant cockroaches
  A hobgoblin (D:1)
  3 kobolds
  A quokka (D:2)
  A frilled lizard (D:1)
  A rat (D:1)
13 creatures vanquished.

Vanquished Creatures (collateral kills)
  A dart slug (D:1)
  2 ball pythons (D:1)
  A giant cockroach (D:1)
  2 goblins (D:1)
  A hobgoblin (D:1)
  3 jackals (D:1)
  2 frilled lizards (D:1)
  3 kobolds
  2 rats (D:1)
17 creatures vanquished.

Grand Total: 30 creatures vanquished
